[Event "CCT Chessable Masters Play-In 2025"]
[Site "Online"]
[Date "2025.02.17"]
[Round "4.52"]
[White "Yoo, Christopher Woojin"]
[Black "Meshkovs, Nikita"]
[Result "1-0"]
[ECO "C84"]
[WhiteElo "2588"]
[BlackElo "2531"]
[PlyCount "145"]
[EventDate "2025.02.13"]
[EventType "swiss"]
[EventCountry "NET"]
[TimeControl "600"]
[WhiteClock "0:01:21"]

1. e4 e5 2. Nf3 Nc6 3. Bb5 a6 4. Ba4 Nf6 5. d4 exd4 6. O-O Be7 7. e5 Ne4 8. Nxd4 Nc5 9. Nf5 O-O 10. Qg4 g6 11. Bxc6 dxc6 12. Nxe7+ Qxe7 13. Qg3 f6 14. exf6 Qxf6 15. Nc3 Bf5 16. Bg5 Qf7 17. Rfe1 Rfe8 18. Be3 Ne4 19. Nxe4 Rxe4 20. f3 Re6 21. Bd4 Rae8 22. Rxe6 Rxe6 23. Re1 Qd7 24. c3 Qd6 25. Qh4 c5 26. Rxe6 Bxe6 27. Be3 Bxa2 28. Qa4 Bf7 29. h4 Qe5 30. Kf2 Qe7 31. Qf4 a5 32. Qg3 b5 33. h5 b4 34. hxg6 Bxg6 35. Qg4 Kf7 36. Qc4+ Qe6 37. Qxc5 bxc3 38. Qxc7+ Qe7 39. Qc4+ Qe6 40. Qxc3 Qd5 41. Qc7+ Ke8 42. Qb8+ Kd7 43. Qa7+ Ke8 44. Bf4 Qb5 45. Qe3+ Kd7 46. Qd4+ Ke6 47. Qd6+ Kf7 48. Be5 a4 49. g4 Qd3 50. Qf6+ Ke8 51. Qe6+ Kd8 52. Bd6 Qd4+ 53. Kg3 Qg1+ 54. Kh4 Qh1+ 55. Kg5 Qc1+ 56. f4 Bb1 57. Qe7+ Kc8 58. Qe8+ Kb7 59. Qb8+ Ka6 60. Qa8+ Kb6 61. Be5 Qc6 62. Qb8+ Kc5 63. Qf8+ Kd5 64. Qd8+ Kc5 65. Qa5+ Kc4 66. Qc3+ Kb5 67. Qxc6+ Kxc6 68. f5 Kd7 69. Kh6 Be4 70. Kxh7 Bf3 71. g5 Be4 72. Kg6 Bd3 73. Kf6 1-0

[Event "CCT Chessable Masters Play-In 2025"]
[Site "Online"]
[Date "2025.02.17"]
[Round "4.53"]
[White "Mendonca, Leon Luke"]
[Black "Van Foreest, Jorden"]
[Result "1-0"]
[ECO "E14"]
[WhiteElo "2641"]
[BlackElo "2654"]
[PlyCount "111"]
[EventDate "2025.02.13"]
[EventType "swiss"]
[EventCountry "NET"]
[TimeControl "600"]
[WhiteClock "0:01:17"]
[BlackClock "0:00:21"]

1. Nf3 d5 2. e3 Nf6 3. c4 e6 4. d4 b6 5. b3 Bd6 6. Bd3 O-O 7. O-O Bb7 8. cxd5 exd5 9. Ba3 c5 10. Nc3 Nbd7 11. Rc1 a6 12. Bb2 Re8 13. Ne2 Ne4 14. Ng3 Nxg3 15. hxg3 Qe7 16. Nh4 g6 17. Qe2 Nf6 18. Rfd1 Ne4 19. Nf3 h5 20. Ba1 Ng5 21. dxc5 bxc5 22. Qb2 d4 23. Nxg5 Qxg5 24. exd4 h4 25. dxc5 Be5 26. Qd2 Qxd2 27. Rxd2 Bxa1 28. Rxa1 hxg3 29. fxg3 Re3 30. Bc4 Bc6 31. Rf1 Be8 32. Rf3 Re5 33. b4 a5 34. a3 axb4 35. axb4 Re4 36. Rf4 Re1+ 37. Kf2 Rc1 38. b5 Kg7 39. c6 f5 40. c7 Bxb5 41. Bxb5 Rxc7 42. Rd7+ Rxd7 43. Bxd7 Ra2+ 44. Kg1 Kh6 45. Bc6 Kg5 46. Bf3 Ra1+ 47. Kh2 Ra7 48. Rc4 Rh7+ 49. Kg1 Ra7 50. g4 f4 51. Rc5+ Kh4 52. Kh2 g5 53. Rc8 Rh7 54. Be2 Rh6 55. Rc3 f3 56. Rxf3 1-0

[Event "CCT Chessable Masters Play-In 2025"]
[Site "Online"]
[Date "2025.02.17"]
[Round "4.54"]
[White "Pantsulaia, Levan"]
[Black "Sethuraman, S.P."]
[Result "0-1"]
[ECO "A50"]
[WhiteElo "2522"]
[BlackElo "2557"]
[PlyCount "72"]
[EventDate "2025.02.13"]
[EventType "swiss"]
[EventCountry "NET"]
[TimeControl "600"]
[WhiteClock "0:02:17"]
[BlackClock "0:03:56"]

1. Nf3 Nf6 2. g3 b6 3. Bg2 Bb7 4. O-O g6 5. c4 Bg7 6. d4 O-O 7. d5 Na6 8. Nc3 Nc5 9. Nd4 e5 10. Nc2 a5 11. b3 Ne8 12. Rb1 f5 13. a3 e4 14. Nd4 Nd6 15. Be3 a4 16. b4 Nb3 17. Nxb3 Bxc3 18. Nd2 Qf6 19. Qc2 b5 20. c5 Bxd2 21. Bxd2 Nc4 22. Bc3 Qe7 23. Ba1 Bxd5 24. Qc3 Kf7 25. Rbd1 c6 26. Kh1 Ke8 27. f3 Kd8 28. Rd4 Kc7 29. Rfd1 Rae8 30. Rxd5 cxd5 31. Rxd5 exf3 32. Bxf3 Qe3 33. Qg7 Qc1+ 34. Kg2 Ne3+ 35. Kh3 Nxd5 36. Bxd5 Qf1+ 0-1

[Event "CCT Chessable Masters Play-In 2025"]
[Site "Online"]
[Date "2025.02.17"]
[Round "4.55"]
[White "Hakobyan, Aram"]
[Black "Aditya Mittal"]
[Result "1/2-1/2"]
[ECO "C47"]
[WhiteElo "2635"]
[BlackElo "2550"]
[PlyCount "74"]
[EventDate "2025.02.13"]
[EventType "swiss"]
[EventCountry "NET"]
[TimeControl "600"]
[WhiteClock "0:03:19"]
[BlackClock "0:03:17"]

1. e4 e5 2. Nf3 Nc6 3. Nc3 Nf6 4. Nd5 Nxd5 5. exd5 Nd4 6. Nxd4 exd4 7. Qe2+ Qe7 8. b3 c5 9. dxc6 dxc6 10. Bb2 Bf5 11. O-O-O Qxe2 12. Bxe2 Bc5 13. f4 h5 14. Bf3 O-O-O 15. Rde1 f6 16. Be4 Bxe4 17. Rxe4 d3 18. cxd3 Rxd3 19. Kc2 Rd7 20. Bc3 h4 21. a4 b6 22. b4 Bd6 23. Rhe1 Kc7 24. b5 Rh5 25. Rc4 Rc5 26. Rxc5 bxc5 27. bxc6 Kxc6 28. g3 hxg3 29. hxg3 c4 30. Re4 Kd5 31. Rd4+ Kc5 32. d3 cxd3+ 33. Kxd3 Rb7 34. Ke4 Re7+ 35. Kd3 Rb7 36. Ke4 Re7+ 37. Kd3 Rb7 1/2-1/2

[Event "CCT Chessable Masters Play-In 2025"]
[Site "Online"]
[Date "2025.02.17"]
[Round "4.56"]
[White "Iturrizaga Bonelli, Eduardo"]
[Black "Quintiliano, Renato R."]
[Result "1-0"]
[ECO "A33"]
[WhiteElo "2577"]
[BlackElo "2515"]
[PlyCount "55"]
[EventDate "2025.02.13"]
[EventType "swiss"]
[EventCountry "NET"]
[TimeControl "600"]
[WhiteClock "0:01:46"]
[BlackClock "0:01:01"]

1. c4 c5 2. Nf3 Nc6 3. Nc3 Nf6 4. d4 cxd4 5. Nxd4 e6 6. a3 Bc5 7. Nb3 Bb6 8. Bf4 d5 9. e3 O-O 10. Be2 h6 11. cxd5 Nxd5 12. Nxd5 exd5 13. O-O Qf6 14. Qd2 Be6 15. Rac1 d4 16. Nc5 Rad8 17. e4 Bxc5 18. Rxc5 d3 19. Bd1 Qd4 20. Rh5 Qxe4 21. Bxh6 f6 22. Re1 Qxe1+ 23. Qxe1 Bf7 24. Rh3 Rfe8 25. Be3 d2 26. Qe2 Nd4 27. Qxd2 Nf5 28. Qe1 1-0

[Event "CCT Chessable Masters Play-In 2025"]
[Site "Online"]
[Date "2025.02.17"]
[Round "4.57"]
[White "Akobian, Varuzhan"]
[Black "Demchenko, Anton"]
[Result "1-0"]
[ECO "A54"]
[WhiteElo "2564"]
[BlackElo "2619"]
[PlyCount "83"]
[EventDate "2025.02.13"]
[EventType "swiss"]
[EventCountry "NET"]
[TimeControl "600"]
[WhiteClock "0:00:49"]
[BlackClock "0:00:04"]

1. d4 Nf6 2. c4 d6 3. Nf3 Nc6 4. Nc3 e5 5. Bg5 h6 6. Bxf6 Qxf6 7. Nd5 Qd8 8. e3 g6 9. dxe5 Nxe5 10. Be2 Nxf3+ 11. Bxf3 Bg7 12. Qd2 c6 13. Nc3 Be6 14. b3 Qa5 15. Rc1 O-O 16. Kd1 Rfd8 17. Ke2 Qa6 18. Qd3 Bf5 19. e4 Be6 20. Rc2 Qa5 21. Rd1 Qe5 22. g3 d5 23. cxd5 cxd5 24. Kf1 Bh3+ 25. Bg2 Bxg2+ 26. Kxg2 dxe4 27. Qxd8+ Rxd8 28. Rxd8+ Kh7 29. Nd5 Qg5 30. Rcc8 h5 31. Ne3 h4 32. Rd7 Qf6 33. gxh4 Qf3+ 34. Kg1 Be5 35. Rf8 Qh3 36. Rfxf7+ Kg8 37. Nf1 Qg4+ 38. Ng3 Bd4 39. Rfe7 Qd1+ 40. Kg2 Qf3+ 41. Kh3 Bc5 42. Rd8+ 1-0

[Event "CCT Chessable Masters Play-In 2025"]
[Site "Online"]
[Date "2025.02.17"]
[Round "4.58"]
[White "Samadov, Read"]
[Black "Dai, Changren"]
[Result "1-0"]
[ECO "A07"]
[WhiteElo "2501"]
[BlackElo "2527"]
[PlyCount "67"]
[EventDate "2025.02.13"]
[EventType "swiss"]
[EventCountry "NET"]
[TimeControl "600"]
[WhiteClock "0:04:54"]
[BlackClock "0:02:46"]

1. Nf3 d5 2. g3 Bg4 3. Bg2 e6 4. O-O c6 5. h3 Bh5 6. d4 Nf6 7. c4 Nbd7 8. cxd5 exd5 9. Ne5 Ne4 10. Bxe4 dxe4 11. Nc3 Nxe5 12. dxe5 Qxd1 13. Rxd1 Be7 14. Be3 b6 15. Rd4 f5 16. exf6 Bxf6 17. Rxe4+ Kf7 18. Rf4 Bg6 19. Bd4 Rhd8 20. Rd1 c5 21. Bxf6 Rxd1+ 22. Nxd1 gxf6 23. Kf1 Rd8 24. Ke1 b5 25. Nc3 Bc2 26. e4 b4 27. Nd5 Bxe4 28. Nxf6 Bb1 29. Ne4+ Kg6 30. Nxc5 a5 31. a3 Rc8 32. axb4 axb4 33. Rc4 Bd3 34. Rg4+ 1-0

[Event "CCT Chessable Masters Play-In 2025"]
[Site "Online"]
[Date "2025.02.17"]
[Round "4.59"]
[White "Meier, Georg"]
[Black "Guliyev, Namig"]
[Result "1-0"]
[ECO "A07"]
[WhiteElo "2592"]
[BlackElo "2486"]
[PlyCount "145"]
[EventDate "2025.02.13"]
[EventType "swiss"]
[EventCountry "NET"]
[TimeControl "600"]
[WhiteClock "0:01:52"]

1. Nf3 d5 2. g3 Bg4 3. Bg2 Nd7 4. h3 Bxf3 5. Bxf3 Ngf6 6. d3 e5 7. e4 dxe4 8. dxe4 Bc5 9. O-O O-O 10. Qe2 a5 11. a4 c6 12. Nd2 Ne8 13. h4 Nd6 14. Nb3 b5 15. Rd1 Qc7 16. Kg2 Rfd8 17. Bg5 f6 18. Bd2 Bb6 19. Be1 Nc5 20. Nxc5 Bxc5 21. Bg4 Kh8 22. Be6 b4 23. Rd3 Bd4 24. c3 bxc3 25. bxc3 Bc5 26. Rad1 Qe7 27. Ba2 Rab8 28. R1d2 h6 29. Qg4 f5 30. exf5 e4 31. Re2 Qf6 32. Rd1 e3 33. Be6 exf2 34. Bxf2 Bxf2 35. Rxf2 Nb7 36. Rb2 Nc5 37. Rxb8 Rxb8 38. Qd4 Nxe6 39. Qxf6 gxf6 40. fxe6 Kg7 41. Rd6 Kf8 42. Rd7 Rb3 43. Rf7+ Ke8 44. Rxf6 Rxc3 45. Rxh6 Ke7 46. Rg6 c5 47. h5 Rc2+ 48. Kh3 Rc1 49. Kg2 Rc2+ 50. Kf3 c4 51. g4 c3 52. Rg5 Kxe6 53. Ke3 Rg2 54. Kf3 c2 55. Rc5 Rh2 56. Ke3 Kd6 57. Rc8 Kd5 58. h6 Rxh6 59. Rxc2 Rh3+ 60. Kf4 Ra3 61. Rd2+ Kc5 62. Rc2+ Kb4 63. g5 Rxa4 64. Kf5 Kb3 65. Rc1 Rd4 66. Rb1+ Kc4 67. Ra1 Kb5 68. Rb1+ Kc5 69. Ra1 Kb5 70. g6 Rd2 71. Rb1+ Kc5 72. Ra1 Kb5 73. g7 1-0

[Event "CCT Chessable Masters Play-In 2025"]
[Site "Online"]
[Date "2025.02.17"]
[Round "4.60"]
[White "Madaminov, Mukhiddin"]
[Black "Pakleza, Zbigniew"]
[Result "1-0"]
[ECO "B01"]
[WhiteElo "2521"]
[BlackElo "2485"]
[PlyCount "41"]
[EventDate "2025.02.13"]
[EventType "swiss"]
[EventCountry "NET"]
[TimeControl "600"]
[WhiteClock "0:06:33"]
[BlackClock "0:08:05"]

1. e4 d5 2. exd5 Nf6 3. d4 Nxd5 4. Nf3 Bg4 5. c4 Nb6 6. c5 N6d7 7. Qb3 Nc6 8. Nbd2 Rb8 9. h3 Bh5 10. d5 Nce5 11. Nxe5 Nxe5 12. g4 Bg6 13. f4 Nd7 14. f5 Nxc5 15. Qb5+ Nd7 16. fxg6 hxg6 17. Bg2 a6 18. Qa4 Qc8 19. O-O b5 20. Qf4 f6 21. Nf3 1-0

[Event "CCT Chessable Masters Play-In 2025"]
[Site "Online"]
[Date "2025.02.17"]
[Round "4.61"]
[White "Pranav Anand"]
[Black "Kozak, Adam"]
[Result "1-0"]
[ECO "B66"]
[WhiteElo "2538"]
[BlackElo "2601"]
[PlyCount "67"]
[EventDate "2025.02.13"]
[EventType "swiss"]
[EventCountry "NET"]
[TimeControl "600"]
[WhiteClock "0:05:58"]
[BlackClock "0:04:53"]

1. e4 c5 2. Nf3 d6 3. d4 cxd4 4. Nxd4 Nf6 5. Nc3 Nc6 6. Bg5 a6 7. Qd2 e6 8. O-O-O h6 9. Be3 Bd7 10. f3 Rc8 11. Kb1 b5 12. g4 Ne5 13. a3 Nc4 14. Bxc4 Rxc4 15. h4 Qc8 16. g5 Nh5 17. Rhg1 hxg5 18. hxg5 g6 19. Nb3 Qc7 20. Bd4 Rh7 21. Qe3 Be7 22. Bb6 Qb8 23. Ba5 Rc6 24. f4 Ng7 25. Bb4 Qb6 26. Qd2 Rh3 27. Rh1 Rxh1 28. Rxh1 Nh5 29. Rd1 Rc4 30. Na5 Rc8 31. f5 Rc5 32. f6 Bf8 33. Bxc5 Qxc5 34. Nb7 1-0

[Event "CCT Chessable Masters Play-In 2025"]
[Site "Online"]
[Date "2025.02.17"]
[Round "4.62"]
[White "Kourkoulos-Arditis, Stamatis"]
[Black "Azarov, Sergei"]
[Result "0-1"]
[ECO "A14"]
[WhiteElo "2580"]
[BlackElo "2596"]
[PlyCount "56"]
[EventDate "2025.02.13"]
[EventType "swiss"]
[EventCountry "NET"]
[TimeControl "600"]
[WhiteClock "0:01:05"]
[BlackClock "0:03:56"]

1. Nf3 Nf6 2. g3 e6 3. Bg2 d5 4. O-O Be7 5. c4 dxc4 6. Qa4+ Bd7 7. Qxc4 Bc6 8. d3 Nbd7 9. Qc2 O-O 10. b3 Bd6 11. Bb2 Qe7 12. Nbd2 e5 13. e4 a5 14. a3 Rfe8 15. Rfe1 Bc5 16. d4 exd4 17. Nxd4 Ne5 18. Nxc6 bxc6 19. Nc4 Nxc4 20. Qxc4 Ng4 21. Re2 Rad8 22. Rf1 Bxa3 23. Bxa3 Qxa3 24. e5 Nxe5 25. Rfe1 Re6 26. Qf4 Rde8 27. Re3 Nd3 28. Rxe6 fxe6 0-1

[Event "CCT Chessable Masters Play-In 2025"]
[Site "Online"]
[Date "2025.02.17"]
[Round "4.63"]
[White "Nigmatov, Ortik"]
[Black "Warmerdam, Max"]
[Result "0-1"]
[ECO "B66"]
[WhiteElo "2505"]
[BlackElo "2638"]
[PlyCount "50"]
[EventDate "2025.02.13"]
[EventType "swiss"]
[EventCountry "NET"]
[TimeControl "600"]
[WhiteClock "0:03:19"]
[BlackClock "0:03:58"]

1. e4 c5 2. Nf3 d6 3. d4 cxd4 4. Nxd4 Nf6 5. Nc3 Nc6 6. Bg5 e6 7. Qd2 Be7 8. O-O-O a6 9. f3 Nxd4 10. Qxd4 b5 11. h4 Bb7 12. Kb1 Rc8 13. Be3 O-O 14. g4 d5 15. g5 Nh5 16. exd5 b4 17. Na4 Bxd5 18. Qg4 Bxa2+ 19. Kxa2 Qxd1 20. Bd3 b3+ 21. Kxb3 Rb8+ 22. Ka2 Qxh1 23. Qxh5 g6 24. Qh6 Rb4 25. Nb6 Rxh4 0-1

[Event "CCT Chessable Masters Play-In 2025"]
[Site "Online"]
[Date "2025.02.17"]
[Round "4.64"]
[White "Kobalia, Mikhail"]
[Black "Nesterov, Arseniy"]
[Result "1/2-1/2"]
[ECO "C43"]
[WhiteElo "2538"]
[BlackElo "2591"]
[PlyCount "98"]
[EventDate "2025.02.13"]
[EventType "swiss"]
[EventCountry "NET"]
[TimeControl "600"]
[WhiteClock "0:01:18"]
[BlackClock "0:01:03"]

1. e4 e5 2. Nf3 Nf6 3. d4 Nxe4 4. Bd3 d5 5. Nxe5 Nd7 6. Nxd7 Bxd7 7. O-O Bd6 8. Nc3 Nxc3 9. bxc3 h5 10. Re1+ Kf8 11. a4 Qf6 12. Qd2 g6 13. Ba3 Bxa3 14. Rxa3 Kg7 15. Re5 Qd6 16. Ra1 Rae8 17. f4 f6 18. Rxe8 Rxe8 19. a5 c5 20. Rb1 c4 21. Be2 b5 22. axb6 axb6 23. Bf3 Bg4 24. Qf2 Qxf4 25. Bxd5 Qxf2+ 26. Kxf2 Re2+ 27. Kg1 Rxc2 28. Bxc4 Rxc3 29. Bd5 Rd3 30. Rb4 Bf5 31. Kf2 h4 32. Ke2 g5 33. h3 b5 34. Be6 Rxd4 35. Rxd4 Bxe6 36. Rd6 Bc4+ 37. Kf3 Kg6 38. Ke4 b4 39. Rb6 b3 40. Rb4 Bf7 41. Rb6 Bg8 42. Rb7 Bc4 43. Rb4 Be6 44. Rb6 Kf7 45. Rb7+ Kf8 46. Kd4 Bf7 47. Ke4 Be6 48. Kd4 Bf7 49. Ke4 Be6 1/2-1/2

[Event "CCT Chessable Masters Play-In 2025"]
[Site "Online"]
[Date "2025.02.17"]
[Round "4.65"]
[White "Bilguun, Sumiya"]
[Black "Vakhidov, Jakhongir"]
[Result "1-0"]
[ECO "B23"]
[WhiteElo "2460"]
[BlackElo "2546"]
[PlyCount "75"]
[EventDate "2025.02.13"]
[EventType "swiss"]
[EventCountry "NET"]
[TimeControl "600"]
[WhiteClock "0:02:34"]
[BlackClock "0:03:08"]

1. e4 c5 2. Nc3 Nc6 3. Bb5 Nd4 4. Nf3 a6 5. Bd3 g6 6. Nxd4 cxd4 7. Ne2 d5 8. exd5 Qxd5 9. O-O Bg7 10. b3 Nh6 11. Ba3 Nf5 12. Ng3 Nd6 13. Re1 Be6 14. Ne4 Nxe4 15. Bxe4 Qd7 16. Qf3 Rb8 17. c4 dxc3 18. dxc3 O-O 19. Rad1 Qc7 20. c4 b5 21. Bd5 bxc4 22. bxc4 Bxd5 23. cxd5 Rfe8 24. Rxe7 Qxe7 25. Bxe7 Rxe7 26. d6 Rd7 27. Qc6 Rbd8 28. Qxa6 Bf8 29. g3 Rxd6 30. Rxd6 Rxd6 31. Qa8 Rd2 32. a4 Kg7 33. Qc6 Ra2 34. a5 Bb4 35. a6 Be1 36. Qc4 Ra3 37. Qd4+ Kg8 38. a7 1-0

[Event "CCT Chessable Masters Play-In 2025"]
[Site "Online"]
[Date "2025.02.17"]
[Round "4.66"]
[White "Henriquez Villagra, Cristobal"]
[Black "Cuenca Jimenez, Jose Fernando"]
[Result "1-0"]
[ECO "D02"]
[WhiteElo "2597"]
[BlackElo "2479"]
[PlyCount "83"]
[EventDate "2025.02.13"]
[EventType "swiss"]
[EventCountry "NET"]
[TimeControl "600"]
[WhiteClock "0:00:32"]
[BlackClock "0:00:04"]

1. d4 d5 2. Nf3 Nf6 3. Bf4 c5 4. e3 Nc6 5. Be2 Bg4 6. O-O e6 7. c3 Bd6 8. dxc5 Bxc5 9. Qb3 Qe7 10. Nbd2 e5 11. Bg5 e4 12. Nd4 Nxd4 13. cxd4 Bxe2 14. Rfe1 Bd3 15. dxc5 Qxc5 16. Qxb7 O-O 17. Bxf6 gxf6 18. Nb3 Qd6 19. Rec1 Rfb8 20. Qc6 Qxc6 21. Rxc6 a5 22. Rxf6 a4 23. Nd4 Rxb2 24. a3 Rab8 25. g4 Rb1+ 26. Rxb1 Rxb1+ 27. Kg2 Ra1 28. Rc6 Rxa3 29. Rc8+ Kg7 30. Kg3 f6 31. Nf5+ Kf7 32. Rc7+ Kf8 33. g5 fxg5 34. Kg4 Ke8 35. Ng7+ Kd8 36. Ne6+ Ke8 37. Kxg5 Ra2 38. f4 Rg2+ 39. Kf6 Rg6+ 40. Ke5 a3 41. f5 Rh6 42. Kd6 1-0

[Event "CCT Chessable Masters Play-In 2025"]
[Site "Online"]
[Date "2025.02.17"]
[Round "4.67"]
[White "Munkhgal, Gombosuren"]
[Black "Smirnov, Pavel"]
[Result "0-1"]
[ECO "D00"]
[WhiteElo "2406"]
[BlackElo "2476"]
[PlyCount "52"]
[EventDate "2025.02.13"]
[EventType "swiss"]
[EventCountry "NET"]
[TimeControl "600"]
[WhiteClock "0:07:11"]
[BlackClock "0:05:44"]

1. d4 Nf6 2. Bf4 d5 3. e3 Bf5 4. c4 e6 5. Nc3 Bb4 6. Nge2 dxc4 7. Ng3 Nd5 8. Nxf5 exf5 9. Bxc4 Nxc3 10. bxc3 Bxc3+ 11. Ke2 Bxa1 12. Qb3 O-O 13. Qxb7 Nd7 14. Rxa1 Rb8 15. Qxa7 Rb2+ 16. Kf1 Nb6 17. Bb3 Qh4 18. Bg3 Qe4 19. Qxc7 Qd3+ 20. Kg1 Rb1+ 21. Qc1 Rxc1+ 22. Rxc1 Rc8 23. Rf1 Nc4 24. h4 Nd2 25. Rd1 Qe2 26. Ba4 Ne4 0-1

[Event "CCT Chessable Masters Play-In 2025"]
[Site "Online"]
[Date "2025.02.17"]
[Round "4.68"]
[White "Mikhalevski, Victor"]
[Black "Lagarde, Maxime"]
[Result "0-1"]
[ECO "A85"]
[WhiteElo "2506"]
[BlackElo "2604"]
[PlyCount "82"]
[EventDate "2025.02.13"]
[EventType "swiss"]
[EventCountry "NET"]
[TimeControl "600"]
[WhiteClock "0:03:24"]
[BlackClock "0:03:45"]

1. d4 f5 2. c4 Nf6 3. Nc3 d6 4. Bg5 Nbd7 5. e3 h6 6. Bh4 g5 7. Bg3 Bg7 8. Bd3 e6 9. Nge2 a6 10. f3 Qe7 11. Qc2 O-O 12. O-O-O b5 13. cxb5 axb5 14. Bxb5 Ba6 15. Bc6 Ra7 16. e4 Rb8 17. exf5 exf5 18. Qxf5 Bxe2 19. Rhe1 Qe3+ 20. Rd2 Rxb2 21. Kxb2 Qxd2+ 22. Qc2 Qxc2+ 23. Kxc2 Bc4 24. Re7 Nb8 25. Bb5 Bxb5 26. Nxb5 Rxa2+ 27. Kb1 Rxg2 28. Rxc7 Na6 29. Rc8+ Kh7 30. Bxd6 Nd5 31. Be5 Bxe5 32. dxe5 Rxh2 33. Nd4 Nac7 34. e6 Rh1+ 35. Kb2 Re1 36. Rd8 Kg6 37. Kc2 Nf4 38. Kd2 Ncxe6 39. Rg8+ Kf7 40. Kxe1 Kxg8 41. Nf5 Kh7 0-1

[Event "CCT Chessable Masters Play-In 2025"]
[Site "Online"]
[Date "2025.02.17"]
[Round "4.69"]
[White "Yang, Kaiqi"]
[Black "Demidov, Mikhail"]
[Result "0-1"]
[ECO "A36"]
[WhiteElo "2481"]
[BlackElo "2549"]
[PlyCount "96"]
[EventDate "2025.02.13"]
[EventType "swiss"]
[EventCountry "NET"]
[TimeControl "600"]
[BlackClock "0:04:34"]

1. c4 g6 2. Nc3 Bg7 3. g3 c5 4. Bg2 d6 5. e4 Nc6 6. Nge2 Bg4 7. f3 Bd7 8. d3 a6 9. a4 e6 10. Be3 Nd4 11. Rb1 Ne7 12. O-O Nec6 13. f4 O-O 14. g4 f5 15. Ng3 Rb8 16. Kh1 fxg4 17. Qxg4 b5 18. axb5 axb5 19. cxb5 Nxb5 20. Nxb5 Rxb5 21. f5 Ne5 22. Qe2 Rb3 23. fxe6 Bxe6 24. Rxf8+ Qxf8 25. d4 Bc4 26. Qc2 Rxe3 27. dxe5 Bd3 28. Qc1 Bxe5 29. Qxe3 Bxb1 30. Bf1 Ba2 31. b3 Qf4 32. Bc4+ Kg7 33. Qxf4 Bxf4 34. Ne2 Bd2 35. Kg2 Bb1 36. Kf3 Bc2 37. Nf4 g5 38. Ne6+ Kf6 39. Bd5 h5 40. h3 Bd1+ 41. Kg3 Be1+ 42. Kg2 g4 43. hxg4 Bxg4 44. Nf4 Bd2 45. Nd3 Be3 46. Kg3 Kg5 47. e5 dxe5 48. Be4 h4+ 0-1

[Event "CCT Chessable Masters Play-In 2025"]
[Site "Online"]
[Date "2025.02.17"]
[Round "4.70"]
[White "Keymer, Vincent"]
[Black "Bachmann, Axel"]
[Result "1/2-1/2"]
[ECO "A07"]
[WhiteElo "2731"]
[BlackElo "2570"]
[PlyCount "89"]
[EventDate "2025.02.13"]
[EventType "swiss"]
[EventCountry "NET"]
[TimeControl "600"]
[WhiteClock "0:02:52"]
[BlackClock "0:01:22"]

1. b3 d5 2. Bb2 Bf5 3. Nf3 Nf6 4. g3 e6 5. Bg2 h6 6. O-O Be7 7. d3 O-O 8. Nc3 Bh7 9. e4 c6 10. Qe2 a5 11. a4 Na6 12. Ne1 Nb4 13. Rd1 Qb6 14. h3 dxe4 15. Nxe4 Nxe4 16. dxe4 Rfd8 17. Nf3 Qc5 18. c3 Na6 19. Nd4 Qb6 20. Kh2 e5 21. Nf3 Qxb3 22. Nxe5 Nc5 23. c4 Bf6 24. Ba1 Rxd1 25. Rxd1 Qxa4 26. Rb1 Bxe5 27. Bxe5 Re8 28. Bd4 Nxe4 29. Rxb7 c5 30. Bb2 Bg6 31. Qd3 Kh7 32. Bxe4 Rxe4 33. Qd6 Qc2 34. Qxc5 Rxc4 35. Qa7 Qe2 36. Rxf7 Bxf7 37. Qxf7 Qxb2 38. Qf5+ Kg8 39. Qe6+ Kf8 40. Qd6+ Kf7 41. Qd7+ Kg6 42. Qd3+ Kf7 43. Qd7+ Kf8 44. Qd8+ Kf7 45. Qd7+ 1/2-1/2

[Event "CCT Chessable Masters Play-In 2025"]
[Site "Online"]
[Date "2025.02.17"]
[Round "4.71"]
[White "Gharibyan, Mamikon"]
[Black "Dominguez Perez, Leinier"]
[Result "0-1"]
[ECO "B87"]
[WhiteElo "2473"]
[BlackElo "2602"]
[PlyCount "84"]
[EventDate "2025.02.13"]
[EventType "swiss"]
[EventCountry "NET"]
[TimeControl "600"]
[WhiteClock "0:00:17"]
[BlackClock "0:00:42"]

1. e4 c5 2. Nf3 d6 3. d4 cxd4 4. Nxd4 Nf6 5. Nc3 a6 6. Bc4 e6 7. Be3 b5 8. Bb3 Be7 9. a3 O-O 10. Qe2 Bb7 11. f3 Nc6 12. O-O-O Na5 13. g4 Rc8 14. g5 Nd7 15. Bxe6 Rxc3 16. bxc3 fxe6 17. Nxe6 Qc8 18. Nxf8 Qxc3 19. Kb1 Bxf8 20. Bc1 Nc4 21. Rd3 Qe5 22. c3 Nc5 23. Rd4 Qe6 24. Rhd1 Nb3 25. Rxc4 bxc4 26. Be3 d5 27. Kc2 Bc6 28. Qg2 dxe4 29. f4 Be7 30. f5 Qxf5 31. Rf1 Qe6 32. h4 Nc5 33. Qg3 Qd6 34. Qf2 Ba4+ 35. Kb1 Qd3+ 36. Kb2 Be8 37. Bxc5 Bxc5 38. Qf5 Qd6 39. Qxe4 Bxa3+ 40. Ka1 Qc6 41. Qe5 Bf8 42. Kb2 Qg2+ 0-1

[Event "CCT Chessable Masters Play-In 2025"]
[Site "Online"]
[Date "2025.02.17"]
[Round "4.72"]
[White "Nasuta, Grzegorz"]
[Black "Sankalp Gupta"]
[Result "1-0"]
[ECO "C02"]
[WhiteElo "2506"]
[BlackElo "2538"]
[PlyCount "211"]
[EventDate "2025.02.13"]
[EventType "swiss"]
[EventCountry "NET"]
[TimeControl "600"]
[WhiteClock "0:00:04"]
[BlackClock "0:02:14"]

1. e4 e6 2. d4 d5 3. e5 c5 4. c3 Nc6 5. Nf3 Bd7 6. Be2 Nge7 7. O-O Ng6 8. Be3 cxd4 9. cxd4 f6 10. Nc3 fxe5 11. Nxe5 Ncxe5 12. dxe5 Nxe5 13. Bh5+ Nf7 14. Re1 Be7 15. Nxd5 O-O 16. Nxe7+ Qxe7 17. Bf3 Bc6 18. Bxc6 bxc6 19. Qc2 Qf6 20. Qxc6 Qxb2 21. Qxe6 Rfe8 22. Qc4 a6 23. Bd4 Qd2 24. Bc3 Qc2 25. Rac1 Qg6 26. Rxe8+ Rxe8 27. a4 h6 28. a5 Kh7 29. Rd1 Ng5 30. Qd3 Ne4 31. Be1 Re6 32. f3 Rd6 33. Qc2 Rxd1 34. Qxd1 Ng5 35. Qe2 Qd6 36. Bf2 Qa3 37. Bb6 Qc1+ 38. Qf1 Qc8 39. Qd3+ Kg8 40. Qd8+ Qxd8 41. Bxd8 Ne6 42. Bb6 Kf7 43. Kf2 Nf4 44. g3 Nd5 45. Ke2 Ke6 46. Bd4 g6 47. Kd3 Nc7 48. Kc4 h5 49. Kc5 Nb5 50. Bb2 Nd6 51. Ba1 Kd7 52. Kb6 Nc4+ 53. Kxa6 Kc6 54. f4 Ne3 55. Ka7 Nc4 56. a6 Kc7 57. Be5+ Kc8 58. h3 g5 59. h4 g4 60. Ba1 Ne3 61. Bd4 Nd5 62. Be5 Ne7 63. Kb6 Nd5+ 64. Kc6 Nb4+ 65. Kb5 Nd5 66. f5 Ne7 67. Kc5 Nxf5 68. Kd5 Ne3+ 69. Kc6 Nc4 70. Bf4 Na5+ 71. Kd5 Nb3 72. Ke6 Nc5+ 73. Kf5 Nd3 74. Kg5 Nc5 75. Kxh5 Nxa6 76. Kg6 Kd7 77. h5 Nc5 78. h6 Ne6 79. h7 Nf8+ 80. Kg7 Nxh7 81. Kxh7 Ke6 82. Kg6 Kd5 83. Kg5 Ke6 84. Kxg4 Kf6 85. Kh5 Kf5 86. g4+ Ke6 87. g5 Kf5 88. g6 Kf6 89. Kh6 Ke6 90. g7 Kf7 91. Kh7 Kf6 92. g8=Q Kf5 93. Qg5+ Ke4 94. Bb8 Kd4 95. Kg6 Kc4 96. Kf6 Kd4 97. Qe5+ Kd3 98. Ke6 Kc4 99. Kd6 Kd3 100. Kc5 Kc2 101. Qg3 Kd2 102. Kd4 Ke2 103. Qe3+ Kf1 104. Qd2 Kg1 105. Qe2 Kh1 106. Qh2# 1-0

[Event "CCT Chessable Masters Play-In 2025"]
[Site "Online"]
[Date "2025.02.17"]
[Round "4.73"]
[White "Harsha Bharathakoti"]
[Black "Onyshchuk, Volodymyr"]
[Result "1/2-1/2"]
[ECO "B06"]
[WhiteElo "2537"]
[BlackElo "2610"]
[PlyCount "115"]
[EventDate "2025.02.13"]
[EventType "swiss"]
[EventCountry "NET"]
[TimeControl "600"]
[WhiteClock "0:00:52"]
[BlackClock "0:03:36"]

1. Nf3 g6 2. e4 Bg7 3. d4 d6 4. Bc4 e6 5. O-O Ne7 6. Re1 a6 7. a4 b6 8. c3 Bb7 9. Bd3 Nd7 10. Nbd2 h6 11. Nf1 e5 12. Ng3 O-O 13. Qc2 exd4 14. cxd4 Nc6 15. Be3 Nb4 16. Qd2 Nxd3 17. Qxd3 Re8 18. b4 Nf6 19. d5 a5 20. bxa5 Rxa5 21. Bd2 Ra7 22. a5 Nd7 23. Bc3 Nc5 24. Qc2 bxa5 25. Bxg7 Kxg7 26. Rxa5 Rxa5 27. Qc3+ Qf6 28. Qxa5 Re7 29. h3 Qb2 30. Re3 Ba6 31. Nh4 Kh7 32. Nf3 Bd3 33. Qd2 Qb1+ 34. Re1 Qb3 35. Qf4 Qc3 36. h4 Ba6 37. h5 g5 38. Qf5+ Kg8 39. Rb1 Re8 40. Nh2 Bc8 41. Qf3 Qxf3 42. gxf3 Bd7 43. Ra1 Nd3 44. Ng4 Bxg4 45. fxg4 Ne5 46. Ra7 Nxg4 47. Rxc7 Ra8 48. Nf5 Ra2 49. Nxd6 Rxf2 50. Nf5 Rd2 51. d6 Ne5 52. Nxh6+ Kh7 53. Nxf7 Nf3+ 54. Kf1 Nh2+ 55. Ke1 Nf3+ 56. Kf1 Nh2+ 57. Ke1 Nf3+ 58. Kf1 1/2-1/2